 Dungeon Crawl Stone Soup version 0.19-a0-1875-g4fea3da (webtiles) character file.

133 Amnesiac the Magician (level 5, -2/28 HPs)
             Began as a Tengu Wizard on Oct 13, 2016.
             Slain by an orc
             ... wielding a +0 short sword
              (4 damage)
             ... on level 4 of the Dungeon.
             The game lasted 00:04:13 (2627 turns).

Amnesiac the Magician (Tengu Wizard)                Turns: 2627, Time: 00:04:14

Health: -2/28      AC:  3    Str: 13    XL:     5   Next: 16%
Magic:  1/12       EV: 12    Int: 19    God:
Gold:   117        SH:  0    Dex: 12    Spells: 5 memorised, 2 levels left

rFire  . . .     SeeInvis +     (no weapon)
rCold  . . .     Gourm    .     a - +0 robe
rNeg   . . .     Faith    .     (no shield)
rPois  .         Spirit   .     b - +0 hat
rElec  .         Dismiss  .     n - +0 cloak
rCorr  .         Reflect  .     (no gloves)
MR     .....     Harm     .     (boots unavailable)
Stlth  ++........               (no amulet)
                                (no ring)
                                p - ring of see invisible

@: mighty, repel missiles
A: beak, talons 3, able to fly 1
a: Fly


You were on level 4 of the Dungeon.
You were not hungry.

You visited 1 branch of the dungeon, and saw 4 of its levels.

You collected 117 gold pieces.

Inventory:

Missiles
 f - 2 curare-tipped needles
Armour
 a - a +0 robe (worn)
 b - a +0 hat (worn)
 n - a +0 cloak (worn)
Jewellery
 p - a ring of see invisible (left hand)
Scrolls
 e - 2 scrolls of teleportation {unknown}
 g - 2 scrolls of noise {unknown}
 i - 2 scrolls of remove curse {unknown}
 k - 2 scrolls of immolation {unknown}
 o - a scroll of recharging {unknown}
 q - a scroll of enchant armour {unknown}
Books
 c - a book of Minor Magic

   Spells                             Type                      Level
   a - Magic Dart                     Conjuration                  1
   b - Blink                          Translocation                2
   c - Call Imp                       Summoning                    2
   d - Repel Missiles                 Charms/Air                   2
   e - Slow                           Hexes                        2
   f - Conjure Flame                  Conjuration/Fire             3
   g - Mephitic Cloud                 Conjuration/Poison/Air       3
Comestibles
 d - a bread ration
 j - a meat ration
 l - 3 chunks of flesh
 m - a beef jerky


   Skills:
 - Level 2.1 Dodging
 - Level 2.0 Stealth
 - Level 4.5 Spellcasting
 - Level 3.1 Conjurations
   Level 1.2 Summonings
 - Level 0.7 Translocations
 + Level 2.2 Air Magic


You had 2 spell levels left.
You knew the following spells:

 Your Spells              Type           Power        Failure   Level  Hunger
a - Repel Missiles        Chrm/Air       #.....       14%         2    #......
b - Blink                 Tloc           N/A          17%         2    #......
e - Mephitic Cloud        Conj/Pois/Air  ##......     21%         3    ###....
f - Magic Dart            Conj           ###.         4%          1    None
s - Conjure Flame         Conj/Fire      ##......     21%         3    ###....


Dungeon Overview and Level Annotations

Branches:
Dungeon (4/15)
 Temple: D:4-7

Altars:


Innate Abilities, Weirdness & Mutations

You have a beak for a mouth.
You have claws for feet.
You can fly.


Message History

Press: ? - help, Dir - move target cursor, p - orc wizard The fire roars!
The orc hits you with a short sword.
You hit the orc wizard but do no damage.
You claw the orc wizard, but do no damage.
The orc wizard is heavily wounded.
The orc hits you with a short sword.
You hit the orc wizard but do no damage.
Your kick misses the orc wizard.
The orc wizard is heavily wounded.
The orc hits you with a short sword!
* * * LOW HITPOINT WARNING * * *
The orc wizard is engulfed in roaring flames.
You kill the orc wizard!
Your Air Magic skill gained 2 levels and is now at level 2!
You have reached level 5!
You have gained the ability to fly.
It was a potion of might.
You feel very mighty all of a sudden. The orc hits you with a short sword.
You die...

.######.####..#
#.# ##.# ..#
#.# .... #.#
..#.. #.#
.#.#.# #.#
...... #o# #o#
#@# #ยง# #.#
... ###


You could see 2 orcs.

Vanquished Creatures
  An orc wizard (D:4)
  A worker ant (D:3)
  A gnoll (D:1)
  2 adders (D:2)
  5 worms
  2 dart slugs (D:1)
  A leopard gecko (D:2)
  2 orcs (D:3)
  7 bats
  A giant cockroach (D:1)
  A goblin (D:1)
  2 hobgoblins (D:1)
  6 kobolds
  4 frilled lizards
  4 rats (D:1)
40 creatures vanquished.

Notes
Turn   | Place    | Note
-------+----------+-------------------------------------------
     0 | D:1      | Amnesiac the Tengu Wizard began the quest for the Orb.
     0 | D:1      | Reached XP level 1. HP: 10/10 MP: 5/5
     1 | D:1      | Noticed an electric eel
   115 | D:1      | Reached XP level 2. HP: 8/15 MP: 0/7
  1066 | D:1      | Reached XP level 3. HP: 19/19 MP: 5/9
  1071 | D:1      | Learned a level 3 spell: Mephitic Cloud
  1182 | D:1      | Reached skill level 4 in Spellcasting
  1853 | D:2      | Reached XP level 4. HP: 10/24 MP: 3/11
  2081 | D:2      | Learned a level 3 spell: Conjure Flame
  2084 | D:2      | Learned a level 2 spell: Repel Missiles
  2087 | D:2      | Learned a level 2 spell: Blink
  2626 | D:4      | Gained mutation: You can fly. [Tengu growth]
  2626 | D:4      | Reached XP level 5. HP: 2/28 MP: 0/12
  2627 | D:4      | Slain by an orc

Vault maps used:
D:1:      arrival_aquarium_a, serial_co_window_serial, co_window_paths_a,
          co_window_corner_a, co_window_corner_a, co_window_of_opportunity_a,
          co_window_corner_a, co_window_corner_b, co_window_of_opportunity_b,
          co_window_corner_b, glass_columns_a
D:2:      first_bread
D:4:      uniq_edmund

Skill      XL: |  1  2  3  4 |
---------------+-------------+-----
Spellcasting   | 4 |  4.5
Conjurations   | 3 |  3.1
Air Magic      | 2 |  2.2
Dodging        | |  2.1
Stealth        | |  2.0
Summonings     | |  1.2
Translocations | |  0.7

Action                   |  1- 3 |  4- 6 || total
-------------------------+-------+-------++-------
Melee: Unarmed           |    31 |    19 ||    50
       Kick              |     7 |     6 ||    13
       Peck              |     4 |     5 ||     9
 Cast: Magic Dart        |    91 |    57 ||   148
       Mephitic Cloud    |     1 |     1 ||     2
       Conjure Flame     |       |     1 ||     1
       Repel Missiles    |       |     1 ||     1
  Use: Potion            |       |     1 ||     1
 Stab: Confused          |     1 |       ||     1
  Eat: Chunk             |     2 |     3 ||     5
Armor: Robe              |    10 |     2 ||    12
Dodge: Dodged            |    39 |    14 ||    53
